Map: Goldenaura LE

Players

SubN - Winner!

  • Race: Zerg Zerg
  • League: Diamond
  • Spawn Location: 12:00

Teamo

  • Race: Terran Terran
  • Spawn Location: 5:00

VOD

Have the link to the VOD?

Description

Time

  • Played on: Dec. 27, 2023, 1:12 a.m.
  • Length: 23:51
Show
View Real Time Build Order
Export as new Build Order

SubN Zerg - Winner!

Build Orders: Hatch First 

Get SALT Encoding   

  12  0:00  Drone  
  13  0:12  Overlord  
  13  0:17  Drone  
  14  0:30  Drone x2  
  16  0:49  Hatchery  
  15  0:53  Drone  
  15  0:55  Drone  
  17  0:59  Drone  
  17  1:02  Extractor  
  17  1:16  Spawning Pool  
  16  1:19  Drone  
  16  1:22  Drone  
  18  1:27  Drone  
  19  1:38  Drone  
  20  1:48  Overlord  
  20  2:03  Zergling x4  
  20  2:06  Queen x2  
  26  2:12  Metabolic Boost  
  26  2:14  Drone  
  26  2:38  Hatchery  
  25  2:50  Queen  
  27  2:52  Drone x5  
  27  2:56  Overlord  
  32  3:13  Zergling x4  
  32  3:17  Drone x2  
  35  3:47  Drone x6  
  41  3:51  Queen  
  41  3:54  Drone x5  
  48  3:57  Extractor  
  48  3:58  Extractor  
  46  4:05  Drone x3  
  49  4:34  Overlord  
  49  4:35  Overlord x4  
  49  4:37  Overlord  
  49  4:43  Lair  
  49  4:51  Overlord  
  49  4:52  Queen  
  49  4:53  Drone x8  
  49  4:59  Drone  
  60  5:02  Roach Warren  
  60  5:05  Drone, Evolution Chamber  
  60  5:06  Baneling Nest  
  59  5:07  Drone  
  59  5:08  Drone  
  60  5:14  Evolution Chamber  
  60  5:15  Queen  
  60  5:16  Drone x2  
  60  5:17  Drone x4  
  67  5:31  Drone x6  
  67  5:34  Extractor  
  72  5:35  Extractor  
  72  5:36  Drone  
  72  5:37  Drone x2, Hatchery  
  72  5:39  Drone  
  72  5:42  Drone, Extractor  
  74  5:47  Glial Reconstitution, Spire  
  73  5:50  Zerg Missile Weapons Level 1  
  73  5:53  Centrifugal Hooks  
  73  5:54  Drone  
  73  5:55  Drone  
  75  5:59  Drone x3  
  75  6:00  Drone  
  75  6:02  Drone  
  80  6:05  Overseer  
  80  6:07  Overlord  
  80  6:08  Overlord  
  80  6:09  Overlord  
  80  6:21  Zerg Ground Armor Level 1  
  80  6:23  Overlord  
  80  6:24  Overlord  
  82  6:25  Roach  
  82  6:26  Roach x4  
  90  6:38  Queen  
  90  6:39  Queen  
  92  6:43  Pneumatized Carapace  
  92  6:45  Overlord  
  94  6:51  Roach  
  94  6:52  Roach x5  
  94  6:54  Drone x5  
  111  6:55  Queen  
  111  6:58  Drone  
  111  6:59  Drone  
  115  7:18  Drone x12  
  115  7:22  Extractor  
  126  7:23  Extractor  
  122  7:50  Drone x3  
  122  7:51  Drone x3  
  128  7:54  Hatchery  
  128  7:56  Overlord  
  128  7:57  Overlord x4  
  127  8:10  Overlord  
  127  8:12  Mutalisk  
  127  8:13  Mutalisk x3  
  127  8:15  Mutalisk  
  127  8:16  Mutalisk x9  
  127  8:19  Mutalisk x2  
  157  8:22  Corruptor  
  157  8:26  Overlord x3  
  161  8:34  Drone x3  
  161  8:40  Extractor  
  161  8:41  Zerg Ground Armor Level 2, Zerg Missile Weapons Level 2  
  163  8:46  Drone x3  
  163  8:48  Drone  
  167  8:49  Drone x7  
  167  8:55  Overseer  
  174  8:58  Overseer x3  
  174  8:59  Mutalisk  
  176  9:03  Mutalisk  
  176  9:08  Zergling x14  
  176  9:09  Zergling x8  
  189  9:16  Queen  
  191  9:18  Overlord x3  
  191  9:19  Zergling x2  
  191  9:20  Zergling x10  
  168  10:10  Ravager  
  168  10:11  Ravager x5  
  168  10:12  Roach  
  168  10:13  Roach x11  
  198  10:15  Zergling x2  
  198  10:21  Extractor, Zerg Flyer Weapons Level 1  
  198  10:30  Drone  
  197  10:57  Zerg Melee Weapons Level 1  
  183  11:42  Hatchery  
  183  11:46  Zergling x8  
  183  11:47  Zergling x28  
  196  12:15  Zergling x8  
  197  12:19  Baneling  
  197  12:20  Baneling x22  
  197  12:21  Baneling x13  
  200  12:34  Overlord  
  200  12:36  Overlord  
  200  12:37  Overlord  
  200  12:39  Overlord  
  200  12:40  Zerg Flyer Weapons Level 2  
  170  13:02  Zergling x2  
  170  13:03  Zergling x38  
  170  13:04  Zergling x36  
  200  13:18  Hatchery  
  199  13:23  Ravager  
  199  13:25  Baneling  
  199  13:26  Baneling x28  
  199  13:27  Baneling x29  
  200  13:28  Baneling x26  
  195  14:08  Hatchery  
  157  14:20  Corruptor x7  
  171  14:25  Roach x9  
  171  14:26  Roach x5  
  192  14:47  Drone  
  192  14:51  Queen  
  192  14:52  Hydralisk Den  
  194  14:53  Drone x4  
  192  15:16  Zerg Flyer Armor Level 1  
  192  15:17  Infestation Pit  
  191  15:27  Corruptor x2  
  191  15:28  Corruptor x2  
  199  15:37  Extractor  
  199  15:41  Extractor  
  160  16:02  Drone x3  
  160  16:03  Drone x3  
  152  16:09  Drone  
  153  16:12  Hydralisk x9  
  153  16:13  Hydralisk x11  
  153  16:16  Zergling x14  
  200  16:23  Zerg Melee Weapons Level 2  
  200  16:25  Hive  
  200  16:27  Neural Parasite  
  200  16:48  Hatchery, Baneling x2  
  200  16:49  Baneling x12  
  199  16:58  Extractor  
  199  17:00  Hatchery  
  197  17:01  Extractor  
  193  17:19  Muscular Augments  
  183  17:44  Greater Spire  
  183  17:45  Ultralisk Cavern  
  184  17:52  Adrenal Glands  
  184  17:54  Zerg Ground Armor Level 3  
  162  18:23  Grooved Spines  
  142  18:39  Hydralisk, Zerg Missile Weapons Level 3  
  142  18:40  Hydralisk x14  
  142  18:41  Hydralisk x5  
  170  18:42  Hydralisk x6  
  172  18:51  Hydralisk  
  172  18:52  Hydralisk x6  
  172  18:54  Zergling x2  
  172  18:55  Zergling x32  
  200  19:19  Anabolic Synthesis  
  200  19:25  Hatchery  
  199  19:36  Drone  
  200  19:47  Overseer  
  200  19:48  Overseer x3  
  200  19:49  Overlord x4  
  200  20:02  Chitinous Plating  
  200  20:15  Extractor  
  200  20:19  Extractor  
  181  20:27  Hatchery  
  143  20:42  Hydralisk  
  139  20:43  Hydralisk x9  
  139  20:45  Zergling x2  
  139  20:46  Zergling x30  
  165  21:00  Queen  
  165  21:03  Hydralisk  
  165  21:04  Hydralisk x17  
  166  21:05  Hydralisk  
  166  21:10  Hydralisk  
  192  21:11  Hydralisk x4  
  192  21:17  Queen  
  186  21:40  Queen  
  186  21:42  Ultralisk x2  
  200  21:56  Overseer  
  200  21:57  Overseer x3  
  179  23:28  Overlord x4  
Show
View Real Time Build Order
Export as new Build Order

Teamo Terran 

Build Orders: 2 Factory, Gas First Reaper Expand, Mech 

Get SALT Encoding   

  12  0:01  SCV  
  13  0:13  SCV  
  14  0:18  Supply Depot  
  14  0:25  SCV  
  15  0:33  Refinery  
  15  0:41  Barracks  
  15  0:44  SCV  
  16  0:56  SCV  
  17  1:08  SCV  
  18  1:28  Reaper  
  18  1:29  Orbital Command  
  19  1:38  Command Center  
  19  1:47  Refinery  
  19  1:54  Supply Depot  
  19  1:55  SCV  
  20  2:03  Reaper  
  20  2:08  SCV  
  22  2:19  Factory  
  22  2:51  Barracks Reactor  
  22  2:56  Supply Depot, Factory  
  22  3:46  Orbital Command  
  22  3:47  Hellion x2  
  24  3:50  Factory, Factory Tech Lab  
  24  4:09  Hellion x2  
  28  4:14  Cyclone  
  30  4:33  Hellion x2  
  30  4:34  Command Center  
  34  4:48  Cyclone  
  38  4:56  Cyclone  
  38  4:58  Factory Reactor  
  38  5:02  SCV x2  
  38  5:03  Starport  
  40  5:14  SCV  
  40  5:17  Hurricane Engines  
  40  5:18  SCV  
  40  5:20  Supply Depot  
  42  5:26  SCV  
  43  5:40  Viking  
  45  5:50  Hellion  
  45  5:51  Hellion, Widow Mine  
  45  5:52  Widow Mine x2  
  55  6:15  Siege Tank  
  55  6:16  Widow Mine x2  
  62  6:19  SCV x2  
  62  6:21  Orbital Command  
  62  6:22  Refinery  
  64  6:29  Command Center  
  64  6:36  SCV x2  
  64  6:38  Refinery  
  66  6:48  SCV  
  66  6:51  Engineering Bay  
  67  6:54  SCV  
  67  6:55  SCV  
  67  7:00  SCV  
  70  7:13  Starport  
  70  7:16  Starport  
  70  7:17  Fusion Core  
  70  7:31  SCV  
  70  7:32  SCV x2  
  73  7:43  SCV  
  73  7:44  SCV x2  
  74  7:56  SCV  
  73  8:06  Weapon Refit  
  73  8:07  Starport Reactor x3  
  73  8:17  Missile Turret  
  73  8:18  Missile Turret  
  73  8:20  SCV x3  
  73  8:26  Missile Turret  
  76  8:31  Siege Tank  
  76  8:32  Command Center, Widow Mine x3  
  76  8:33  Missile Turret  
  85  8:37  Planetary Fortress  
  73  8:56  Starport Tech Lab  
  73  9:12  Starport Tech Lab  
  73  9:13  SCV  
  73  9:16  Starport Tech Lab  
  74  9:22  Missile Turret  
  74  9:23  Missile Turret  
  74  9:26  SCV  
  74  9:28  Starport  
  74  9:29  Missile Turret  
  73  9:32  Widow Mine x4  
  73  9:33  Widow Mine  
  73  9:38  SCV  
  75  10:14  Missile Turret  
  75  10:17  Cyclone x2, Missile Turret  
  75  10:19  Missile Turret  
  79  10:21  Missile Turret  
  79  10:26  Starport Reactor  
  79  10:31  Battlecruiser  
  85  10:36  Missile Turret, Starport x2  
  85  10:39  Missile Turret  
  83  10:54  Command Center  
  83  10:56  Missile Turret  
  83  11:02  Planetary Fortress  
  75  11:30  Siege Tank  
  75  11:31  Widow Mine x3  
  84  11:34  Missile Turret  
  84  11:37  Battlecruiser  
  90  11:40  Starport Tech Lab  
  90  11:41  Starport Tech Lab  
  90  11:46  Missile Turret x2  
  90  12:13  Neosteel Armor  
  90  12:15  Battlecruiser x2  
  102  12:29  Widow Mine x2  
  106  12:33  Armory  
  110  12:37  Supply Depot x2, Widow Mine x2  
  110  12:39  Supply Depot  
  110  12:47  Missile Turret  
  110  12:48  Missile Turret, Planetary Fortress  
  98  13:15  Battlecruiser  
  104  13:27  Refinery  
  104  13:28  Refinery, SCV x3  
  107  13:40  SCV  
  108  13:45  Cyclone  
  108  13:46  Cyclone  
  108  14:31  Widow Mine  
  106  14:46  Cyclone  
  108  15:23  Command Center  
  108  15:37  Orbital Command  
  108  15:49  Cyclone  
  108  15:55  Battlecruiser  
  101  16:23  Missile Turret  
  101  16:26  Terran Ship Weapons Level 1  
  101  16:45  Missile Turret  
  101  16:46  Missile Turret  
  101  17:30  Cyclone x2  
  101  17:31  Cyclone  
  101  17:32  Medivac  
  101  17:36  Battlecruiser  
  115  17:38  Siege Tank, Widow Mine  
  120  17:47  Barracks  
  91  19:14  Orbital Command  
  91  19:20  Widow Mine x4  
  100  19:47  Missile Turret  
  101  19:52  Siege Tank  
  101  20:04  Planetary Fortress  
  99  20:25  Siege Tank  
  90  20:40  SCV  
  78  20:52  SCV  
  76  21:05  SCV  
  77  21:17  SCV  
  78  21:29  SCV  
  79  21:39  Missile Turret  
  79  21:40  Missile Turret x2  
  79  21:41  SCV  
  79  21:42  Refinery x2  
  80  21:53  SCV  
  81  21:56  Command Center  
  81  22:05  SCV  
  65  23:04  Supply Depot  
  63  23:07  Supply Depot  
  63  23:09  Supply Depot  
  63  23:32  Starport Reactor  
Tags
 
Add a new tag
Caveats
  • Supply blocks, unpowered buildings, or Contaminate may cause inaccurate times.
  • Supply counts are checked every 10 seconds.